 Dungeon Crawl Stone Soup version 0.23.2-33-g5129a83184 (webtiles) character file.

Game seed: 10019215460611508104

2498 Kobolds4U the Nimble (level 9, -7/45 HPs)
             Began as a Deep Elf Conjurer on June 29, 2019.
             Was an Initiate of Ashenzari.
             Hit by a tomahawk thrown by an orc warrior (21 damage)
             ... on level 6 of the Dungeon on July 17, 2019.
             The game lasted 00:29:40 (7368 turns).

Kobolds4U the Nimble (Deep Elf Conjurer)            Turns: 7368, Time: 00:29:41

Health: -7/45      AC:  9    Str:  5    XL:     9   Next: 28%
Magic:  14/23      EV: 19    Int: 23    God:    Ashenzari [......]
Gold:   527        SH:  0    Dex: 16    Spells: 14/24 levels left

rFire    . . .     SeeInvis .   o - +2 long sword
rCold    . . .     Gourm    .   (no shield)
rNeg     . . .     Faith    .   a - +0 robe
rPois    .         Spirit   .   g - +0 helmet
rElec    .         Reflect  .   p - +0 cloak
rCorr    .         Harm     +   (no gloves)
MR       .....                  (no boots)
Stlth    +.........             x - amulet of harm
HPRegen  0.15/turn              b - +5 ring of protection
MPRegen  0.18/turn              B - ring of wizardry

@: confused, studying Unarmed Combat
A: no striking features
a: Curse Item, Renounce Religion


You were on level 6 of the Dungeon.
You worshipped Ashenzari.
Ashenzari was noncommittal.
You were very hungry.

You visited 2 branches of the dungeon, and saw 7 of its levels.

You collected 527 gold pieces.

Inventory:

Hand Weapons
 l - a +1 dagger
 o - a +2 long sword (weapon)
 t - a +0 long sword
 u - the cursed +1 spear of Zofiy {venom, rN+++ Int-4}
   (You took it off a gnoll on level 4 of the Dungeon)

   It poisons the flesh of those it strikes.
   It affects your intelligence (-4).
   It renders you almost immune to negative energy.
   It has a curse placed upon it.
Missiles
 d - 102 arrows
Armour
 a - a +0 robe (worn)
 g - a +0 helmet (worn)
 p - a +0 cloak (worn)
Jewellery
 b - a +5 ring of protection (left hand)
 i - an uncursed amulet of magic regeneration
 x - an amulet of harm (around neck)
 y - an uncursed ring of magical power
 B - a ring of wizardry (right hand)
Wands
 r - a wand of paralysis (18)
 s - a wand of random effects (9)
 z - a wand of acid (18)
Scrolls
 e - 3 scrolls of remove curse
 k - 4 scrolls of teleportation {unknown}
 C - a scroll of identify
 D - a scroll of enchant armour {unknown}
Potions
 f - 2 potions of ambrosia
 j - 2 potions of brilliance {unknown}
 m - 3 potions of curing
 n - a potion of magic {unknown}
 q - a potion of lignification {unknown}
 w - 2 potions of mutation
 A - a potion of agility {unknown}
Books
 h - a manual of Unarmed Combat
Comestibles
 c - 10 rations


   Skills:
 + Level 9.1 Dodging
 - Level 2.4 Stealth
 * Level 6.7 Unarmed Combat
 + Level 8.4 Spellcasting
 - Level 6.0 Conjurations
 - Level 3.0 Hexes
 - Level 3.8 Translocations


You had 14 spell levels left.
You knew the following spells:

 Your Spells              Type           Power        Failure   Level  Hunger
a - Magic Dart            Conj           ####         1%          1    None
b - Searing Ray           Conj           #####.       1%          2    None
c - Dazzling Spray        Conj/Hex       ####..       1%          3    None
d - Force Lance           Conj/Tloc      ####....     3%          4    ##.....

Your spell library contained the following spells:

 Spells                   Type           Power        Failure   Level  Hunger
 Iskenderun's Mystic Bla  Conj           #####...     2%          4    ##.....
 Fulminant Prism          Conj/Hex       ####......   4%          4    ##.....


Dungeon Overview and Level Annotations

Branches:
Dungeon (6/15)             Temple (1/1) D:6

Altars:
Ashenzari
Dithmenos
Elyvilon
Gozag
Hepliaklqana
Kikubaaqudgha
Nemelex Xobeh
Okawaru
Ru
Sif Muna
Trog
Uskayaw
Wu Jian
Xom
Yredelemnul
Zin
The Shining One


Message History

The orc wizard is dazzled.
Casting: Dazzling Spray (safe; 1% risk of failure)
Confirm with . or Enter, or press ? or * to list all spells.
Aiming: Dazzling Spray (safe; 1% risk of failure)
Press: ? - help, Shift-Dir - straight line, f/p - orc wizard
Aim: an orc wizard, wielding a +0 dagger and wearing a +0 robe (heavily wounded, fast)
The spray of energy hits the orc wizard!
You kill the orc wizard!
Casting: Dazzling Spray (safe; 1% risk of failure)
Confirm with . or Enter, or press ? or * to list all spells.
Aiming: Dazzling Spray (safe; 1% risk of failure)
Press: ? - help, Shift-Dir - straight line, f - orc wizard
Aim: an orc wizard, wielding a +0 dagger and wearing a +0 robe (moderately wounded, blind, hasn't noticed you)
The spray of energy hits the orc wizard.
The orc wizard is severely wounded.
The orc wizard gestures at you while chanting.
You are confused.
The orc wizard is no longer blind.
The orc warrior throws a tomahawk.
The tomahawk hits you!!
You die...

........# #...(.#....#......#
........# #.....#....+.....##
........# #..(..#....#.......
.####...###+###.(...#....##....##
#####...##...(...o####'########.8
.........#........#..............
.........#......o.#...........8.>
.........#......).#..............
...##....#....).@.#'###..######.8
########'#####'#).....#..###...##
...............#......#..........
...............#......#..........
...............#......#..........
...##..........#..[...#..........
#####..........#......#..........
...#...........#......#..........
...'...........#......+...###'###


You could see an orc warrior and an orc wizard.

Vanquished Creatures
  The ghost of Brecoman the Bolt Thrower, a novice KoAM (D:4)
  Prince Ribbit (D:6)
  Grinder (D:6)
  An orc warrior (D:6)
  2 phantoms
  3 ogres
  2 black bears (D:6)
  A necrophage (D:5)
  A bullfrog (D:6)
  3 wights (D:6)
  A centaur skeleton (D:6)
  A jelly (D:4)
  7 orc wizards
  3 orc priests (D:5)
  A hound (D:6)
  A gnoll shaman (D:4)
  2 iguanas
  4 worker ants
  A hound zombie (D:6)
  A hound skeleton (D:4)
  A howler monkey zombie (D:6)
  6 adders
  7 gnolls (D:4)
  A shadow imp (D:6)
  An ooze (D:4)
  An adder zombie (D:4)
  An adder skeleton (D:4)
  3 worms
  4 dart slugs
  5 leopard geckos
  15 orcs
  4 giant cockroaches
  4 goblins
  6 hobgoblins
  12 jackals
  3 kobolds
  2 quokkas
  2 ball pythons (D:1)
  3 bats
  5 frilled lizards
  A quokka skeleton (D:4)
  6 rats
131 creatures vanquished.

Vanquished Creatures (others)
  4 plants (D:4)
4 creatures vanquished.

Grand Total: 135 creatures vanquished

Notes
Turn   | Place    | Note
-------+----------+-------------------------------------------
     0 | D:1      | Kobolds4U the Deep Elf Conjurer began the quest for the
                  | Orb.
     0 | D:1      | Reached XP level 1. HP: 10/10 MP: 6/6
   384 | D:1      | Reached XP level 2. HP: 15/15 MP: 7/9
  1102 | D:2      | Reached XP level 3. HP: 19/19 MP: 1/11
  1188 | D:2      | Learned a level 2 spell: Searing Ray
  1192 | D:2      | Learned a level 3 spell: Dazzling Spray
  1206 | D:2      | Found a white marble altar of Elyvilon.
  1218 | D:2      | Reached skill level 5 in Spellcasting
  1898 | D:2      | Noticed a phantom
  1915 | D:2      | Killed a phantom
  1915 | D:2      | Reached skill level 4 in Dodging
  1915 | D:2      | Reached XP level 4. HP: 8/24 MP: 1/13
  1915 | D:2      | Reached XP level 5. HP: 9/28 MP: 1/14
  2345 | D:3      | Found a faded altar of an unknown god.
  2547 | D:3      | Reached skill level 5 in Dodging
  2869 | D:3      | Found an ornate altar of the Wu Jian Council.
  2869 | D:3      | Found an opulent altar of Gozag.
  2945 | D:4      | Found a transporter.
  2994 | D:4      | Learned a level 4 spell: Force Lance
  3377 | D:4      | Found a glowing golden altar of the Shining One.
  3483 | D:4      | Reached XP level 6. HP: 32/32 MP: 15/15
  3730 | D:4      | Reached skill level 5 in Conjurations
  3873 | D:4      | Reached skill level 6 in Dodging
  4007 | D:4      | Identified the cursed +1 spear of Zofiy {venom, rN+++
                  | Int-4}
  4015 | D:4      | Found a transporter.
  4093 | D:4      | Reached skill level 1 in Translocations
  4148 | D:4      | Noticed Brecoman's ghost (novice KoAM)
  4191 | D:4      | Reached XP level 7. HP: 19/36 MP: 7/16
  4252 | D:4      | Killed Brecoman's ghost
  4577 | D:5      | Entered Level 5 of the Dungeon
  4692 | D:5      | Reached skill level 7 in Dodging
  5015 | D:5      | Reached XP level 8. HP: 41/41 MP: 10/19
  5534 | D:5      | Reached skill level 1 in Unarmed Combat
  5696 | D:6      | Noticed Grinder
  5773 | D:6      | Found a shattered altar of Ashenzari.
  5830 | D:6      | Reached skill level 8 in Dodging
  6383 | D:6      | Found a staircase to the Ecumenical Temple.
  6413 | Temple   | Entered the Ecumenical Temple
  6623 | Temple   | Became a worshipper of Ashenzari the Shackled
  6673 | D:6      | Noticed Prince Ribbit
  6680 | D:6      | Killed Prince Ribbit
  6680 | D:6      | Reached skill level 5 in Unarmed Combat
  6684 | D:6      | Reached XP level 9. HP: 35/45 MP: 6/22
  7049 | D:6      | Paralysed by Grinder for 4 turns
  7057 | D:6      | Killed Grinder
  7057 | D:6      | Reached skill level 9 in Dodging
  7368 | D:6      | Hit by a tomahawk thrown by an orc warrior

Skill      XL: |  1  2  3  4  5  6  7  8  9 |
---------------+----------------------------+-----
Spellcasting   | 4 5 6 7 8 |  8.4
Dodging        | 4 5 6 7 8 9 |  9.1
Hexes          | 2 3 |  3.0
Conjurations   | 5 6 |  6.0
Translocations | 1 3 |  3.8
Unarmed Combat | 5 6 |  6.7
Stealth        | |  2.4

Action                   |  1- 3 |  4- 6 |  7- 9 || total
-------------------------+-------+-------+-------++-------
Melee: Unarmed           |     8 |       |    62 ||    70
       Dagger            |    15 |    20 |    13 ||    48
       Long sword        |       |       |    22 ||    22
 Cast: Magic Dart        |    83 |    80 |   103 ||   266
       Searing Ray       |     3 |    14 |    22 ||    39
       Dazzling Spray    |       |     3 |    14 ||    17
  Use: Scroll            |       |     2 |     6 ||     8
       Potion            |       |     1 |       ||     1
 Stab: Sleeping          |     1 |     5 |     1 ||     7
  Eat: Chunk             |     2 |     8 |     9 ||    19
Armor: Robe              |    16 |    23 |    54 ||    93
Dodge: Dodged            |    27 |    26 |   130 ||   183
       Rpst.: Long sword |       |       |    17 ||    17
